 Dungeon Crawl Stone Soup version 0.32-a0-768-g0f6f1dd4b9 (webtiles) character file.

Game seed: 8560832353198918452

543 pokeman the Thaumaturge (level 7, -3/38 HPs)
             Began as a Deep Elf Hedge Wizard on Mar 17, 2024.
             Succumbed to a water moccasin's poison
             ... on level 5 of the Dungeon on Mar 18, 2024.
             The game lasted 00:11:43 (5748 turns).

pokeman the Thaumaturge (Deep Elf Hedge Wizard)     Turns: 5748, Time: 00:11:44

Health: -3/38      AC:  4    Str:  7    XL:     7   Next: 6%
Magic:  20/21      EV: 12    Int: 21    God:
Gold:   233        SH:  0    Dex: 14    Spells: 5/23 levels left

rFire   . . .        c - +1 whip (elec)
rCold   . . .        (no shield)
rNeg    . . .        b - +0 robe
rPois   .            s - +0 helmet
rElec   .            q - +0 cloak
rCorr   .            (no gloves)
SInv    .            (no boots)
Will    +....        C - amulet of magic regeneration
Stlth   ++           A - ring of willpower
HPRegen 0.26/turn    (no ring)
MPRegen 0.57/turn

%: no passive effects
@: lethally poisoned (-3 -> -27), on blink cooldown
A: no striking features
a: no special abilities


You were on level 5 of the Dungeon.
You visited 1 branch of the dungeon, and saw 5 of its levels.

You collected 233 gold pieces.

Inventory:

Hand Weapons
 c - a +1 whip of electrocution (weapon)
 o - the +6 trident "Padat" {holy, *Noise rCorr MP+9 Str+4}
   (You found it on level 3 of the Dungeon)

   Str+4:     It affects your strength (+4).
   MP+9:      It affects your magic capacity (+9).
   *Noise:    It may make a loud noise when swung.
   rCorr:     It protects you from acid and corrosion.
Armour
 b - a +0 robe (worn)
 g - a +0 buckler
 k - a scarf of invisibility
 q - a +0 cloak (worn)
 s - a +0 helmet (worn)
 t - a +0 ring mail of fire resistance
Jewellery
 w - an amulet of regeneration
 x - an amulet of guardian spirit
 A - a ring of willpower (left hand)
 C - an amulet of magic regeneration (around neck)
Wands
 y - a wand of iceblast (7)
 B - a wand of charming (2)
Scrolls
 a - a scroll of torment {unknown}
 e - 3 scrolls of identify {unknown}
 h - a scroll of blinking {unknown}
 i - a scroll of brand weapon {unknown}
 j - 2 scrolls of fear {unknown}
 l - a scroll of fog {unknown}
 m - 2 scrolls of noise {unknown}
 p - 4 scrolls of teleportation {unknown}
 u - a scroll of enchant armour {unknown}
Potions
 d - a potion of magic
 f - 2 potions of curing {unknown}
 n - 2 potions of degeneration {unknown}
 r - a potion of mutation {unknown}
 v - a potion of might {unknown}
 z - a potion of brilliance {unknown}


   Skills:
 - Level 1.0 Fighting
 - Level 1.1 Armour
 - Level 3.0 Dodging
 - Level 3.0 Stealth
 - Level 1.2 Shields
 * Level 8.8 Spellcasting
 + Level 3.0 Conjurations
 - Level 1.1 Summonings
 - Level 1.1 Translocations
 + Level 0.3 Fire Magic
 + Level 0.3 Air Magic
 + Level 0.3 Alchemy
 + Level 0.3 Evocations


You had 5 spell levels left.
You knew the following spells:

 Your Spells              Type           Power      Damage    Failure   Level
a - Magic Dart            Conj           84%        1d7       2%          1
b - Mephitic Cloud        Conj/Alch/Air  14%        N/A       13%         3
c - Call Imp              Summ           26%        N/A       7%          2
d - Blink                 Tloc           26%        N/A       7%          2
e - Iskenderun's Battles  Conj           21%        2d7       52%         5
f - Fireball              Conj/Fire      8%         3d6       71%         5

Your spell library contained the following spells:

 Spells                   Type           Power      Damage    Failure   Level
 Slow                     Hex            36%        N/A       8%          1
 Cigotuvi's Dreadful Rot  Necr/Alch/Air  20%        N/A       10%         2
 Fugue of the Fallen      Necr           9%         N/A       22%         3
 Ozocubu's Armour         Ice            9%         N/A       22%         3
 Brom's Barrelling Bould  Conj/Erth      15%        2d4       36%         4
 Manifold Assault         Tloc           13%        N/A       43%         4
 Conjure Ball Lightning   Conj/Air       8%         3x3d6     99%         6
 Orb of Destruction       Conj           10%        9d6       100%        7


Dungeon Overview and Level Annotations

Branches:
Dungeon (5/15)
 Temple: D:4-7

Altars:
Hepliaklqana
Sif Muna

Annotations:
D:3 3 runed translucent doors, soul19's ghost, amateur DsGl


Message History

The black bear barely misses you. The black bear claws you. x2
You hit the black bear.
The black bear is moderately wounded.
You hit the black bear but do no damage.
Lightning courses through the black bear!
The black bear is severely wounded.
The black bear is engulfed in noxious fumes.
The black bear appears confused.
The black bear bites you. The black bear misses you. The black bear claws you.
You hit the black bear.
The black bear is severely wounded.
A water moccasin comes into view.
The black bear is engulfed in noxious fumes.
The black bear appears confused.
You barely miss the black bear.
The black bear is severely wounded.
The black bear bites you! The black bear claws you.
The black bear closely misses you.
The water moccasin hisses angrily.
You barely miss the black bear.
The black bear is severely wounded.
The black bear bites you. The black bear barely misses you.
The black bear misses you. The water moccasin bites you.
You are poisoned.
The water moccasin poisons you!
You hit the black bear but do no damage.
The black bear is severely wounded.
You feel very sick. The water moccasin bites you.
* * * LOW HITPOINT WARNING * * *
You are lethally poisoned!
The water moccasin poisons you! The black bear misses you.
The black bear claws you.
* * * LOW HITPOINT WARNING * * *
The black bear claws you.
* * * LOW HITPOINT WARNING * * *
Casting: Mephitic Cloud (quite dangerous; 13% risk of failure)
Confirm with . or Enter, or press ? or * to list all spells.
You blink.
You die...

...# #...
... # .. ..
#○######.#
###.°○.....#
#@.°hS..#
#...§...#
#.......#
#.....<.#
#########


You could see a water moccasin and a black bear (confused).

Vanquished Creatures
  Sigmund (D:2)
  Edmund (D:4)
  A jelly (D:4)
  Natasha (thrice) (D:2)
  Robin (D:2)
  5 adders
  3 ribbon worms (D:2)
  3 dart slugs
  3 orcs (D:3)
  5 ball pythons
  9 endoplasms
  3 giant cockroaches
  12 goblins
  13 hobgoblins
  5 bats
  5 frilled lizards
  11 kobolds
  5 rats
89 creatures vanquished.

Vanquished Creatures (collateral kills)
  A ribbon worm (D:2)
  A rat (D:2)
2 creatures vanquished.

Grand Total: 91 creatures vanquished

Notes
Turn   | Place    | Note
-------+----------+-------------------------------------------
     0 | D:1      | pokeman the Deep Elf Hedge Wizard began the quest for the
                  | Orb.
     0 | D:1      | Reached XP level 1. HP: 10/10 MP: 7/7
   454 | D:1      | Reached XP level 2. HP: 16/16 MP: 4/9
   812 | D:1      | Upgraded the game from 0.32-a0-747-gc8563f6773 to
                  | 0.32-a0-768-g0f6f1dd4b9
   984 | D:1      | Reached skill level 5 in Spellcasting
  1146 | D:1      | Reached XP level 3. HP: 20/20 MP: 9/11
  1150 | D:1      | Learned a level 3 spell: Mephitic Cloud
  1153 | D:1      | Learned a level 2 spell: Call Imp
  1156 | D:1      | Learned a level 2 spell: Blink
  1656 | D:2      | Found a hazy altar of Hepliaklqana.
  1894 | D:2      | Reached skill level 1 in Fighting
  1974 | D:2      | Noticed Natasha
  1981 | D:2      | Killed Natasha
  1982 | D:2      | Reached skill level 1 in Armour
  1982 | D:2      | Reached XP level 4. HP: 20/25 MP: 5/13
  2258 | D:2      | Identified the +0 chain mail of Uti Quri {+Blink rElec}
  2627 | D:2      | Noticed Sigmund
  2661 | D:2      | Noticed Natasha
  2835 | D:2      | Killed Natasha
  2836 | D:2      | Reached skill level 6 in Spellcasting
  2839 | D:2      | Killed Sigmund
  2840 | D:2      | Reached skill level 8 in Spellcasting
  2840 | D:2      | Reached XP level 5. HP: 19/29 MP: 9/17
  2840 | D:2      | Reached XP level 6. HP: 23/34 MP: 10/19
  2972 | D:2      | Noticed Robin
  2994 | D:2      | Killed Robin
  3223 | D:2      | Noticed Natasha
  3237 | D:2      | Killed Natasha
  3552 | D:2      | Learned a level 5 spell: Iskenderun's Battlesphere
  3558 | D:2      | Learned a level 5 spell: Fireball
  3695 | D:3      | Identified the +6 trident "Padat" {holy, *Noise rCorr MP+9
                  | Str+4}
  3770 | D:3      | Found a runed translucent gate.
  3771 | D:3      | Found a runed translucent gate.
  3772 | D:3      | Found a runed translucent gate.
  3775 | D:3      | Noticed soul19's ghost (amateur DsGl)
  4698 | D:4      | Noticed Edmund
  4723 | D:4      | Killed Edmund
  4724 | D:4      | Reached skill level 1 in Shields
  4864 | D:4      | Found a shimmering blue altar of Sif Muna.
  5254 | D:4      | Reached XP level 7. HP: 29/38 MP: 3/21
  5736 | D:5      | Entered Level 5 of the Dungeon
  5748 | D:5      | Succumbed to a water moccasin's poison

Illustrated notes

Levels and vault maps discovered:
D:1:      nagdon_arrival_zigzag_paths, layout_loops_ring, serial_forest,
          infiniplex_forest_straight_4, infiniplex_forest_straight_3,
          infiniplex_forest_clump_curved, infiniplex_forest_clump_small,
          infiniplex_forest_end_2, infiniplex_forest_split,
          infiniplex_forest_zigzag_2, infiniplex_forest_lined_room_2,
          infiniplex_forest_lined_corner, grunt_decor_one_mirror,
          chequers_decorated_corner
D:2:      layout_basic, basic_altar, uniq_natasha, uniq_sigmund, uniq_robin
D:3:      layout_basic, gammafunk_ghost_nasty_kobolds
D:4:      layout_loops_ring, lemuel_doored_altar, minmay_vboxes, uniq_edmund
D:5:      layout_rooms, old_standard_altar, temple_statues, uniq_menkaure

Skill      XL: |  1  2  3  4  5  6 |
---------------+-------------------+-----
Spellcasting   | 5 8 |  8.8
Fighting       | 1 |  1.0
Armour         | 1 |  1.1
Conjurations   | 2 3 |  3.0
Dodging        | 3 |  3.0
Stealth        | 3 |  3.0
Shields        | 1 |  1.2
Summonings     | |  1.1
Translocations | |  1.1
Fire Magic     | |  0.3
Air Magic      | |  0.3
Alchemy        | |  0.3
Evocations     | |  0.3

Action                     |  1- 3 |  4- 6 |  7- 9 || total
---------------------------+-------+-------+-------++-------
  Melee: Dagger            |    30 |    31 |       ||    61
         Whip              |       |    12 |     7 ||    19
   Cast: Magic Dart        |    85 |   118 |     5 ||   208
         Call Imp          |     3 |     4 |       ||     7
         Mephitic Cloud    |     1 |    10 |     1 ||    12
         Blink             |       |       |     1 ||     1
   Stab: Confused          |       |     6 |       ||     6
 Armour: Robe              |    14 |    26 |    11 ||    51
  Dodge: Dodged            |    12 |    25 |     7 ||    44

Table legend: (Time is in decaauts)
 A = Elapsed time spent in this place.
 B = Non-inter-level travel time spent in this place.
 C = Inter-level travel time spent in this place.
 D = Time resting spent in this place.
 E = Time spent auto-exploring this place.
 F = Levels seen in this place.
 G = Mean time per level.
                   A        B        C        D        E       F      G
               +--------+--------+--------+--------+--------+-----+--------+
         Total |   5746 |   5582 |    164 |    204 |   4668 |   5 | 1149.2 |
       Dungeon |   5746 |   5582 |    164 |    204 |   4668 |   5 | 1149.2 |
               +--------+--------+--------+--------+--------+-----+--------+

Top non-repeatable levels by time:
     D:2: 2005 daAuts
     D:1: 1585 daAuts
     D:4: 1117 daAuts
     D:3: 1025 daAuts
     D:5: 12 daAuts
